 Dungeon Crawl Stone Soup version 0.31-a0-920-g28cbb04a8c (webtiles) character file.

Game seed: 9884043482749576958

245 Nexanis the Vexing (level 6, -2/47 HPs)
             Began as a Gnoll Hexslinger on Oct 18, 2023.
             Slain by a goblin
             ... wielding a +0 dagger
             ... led by Robin
              (5 damage)
             ... on level 3 of the Dungeon.
             The game lasted 00:45:20 (2290 turns).

Nexanis the Vexing (Gnoll Hexslinger)               Turns: 2290, Time: 00:45:21

Health: -2/47      AC:  2    Str:  4 (7)  XL:     6   Next: 10%
Magic:  7/11       EV: 14    Int: 10 (12) God:
Gold:   161        SH:  0    Dex: 14 (17) Spells: 5/11 levels left

rFire   . . .        a - +1 sling
rCold   . . .        (no shield)
rNeg    . . .        c - +0 robe
rPois   .            (helmet restricted)
rElec   .            (no cloak)
rCorr   .            (no gloves)
SInv    .            (no boots)
Will    +....        (no amulet)
Stlth   ++           (no ring)
HPRegen 0.27/turn    (no ring)
MPRegen 0.12/turn

%: no passive effects
@: enlightened, flying
A: fangs 1, strong nose, distributed training, antennae 1, teleportitis 1, noise
suppression
a: no special abilities


You were on level 3 of the Dungeon.
You visited 1 branch of the dungeon, and saw 3 of its levels.

You collected 161 gold pieces.

Inventory:

Hand Weapons
 a - a +1 sling (weapon)
Armour
 c - a +0 robe (worn)
Scrolls
 e - a scroll of acquirement
Potions
 f - a potion of invisibility


   Skills:
 + Level 3.2 Fighting
 + Level 1.8 Short Blades
 + Level 1.8 Long Blades
 + Level 1.8 Axes
 + Level 1.8 Maces & Flails
 + Level 1.8 Polearms
 + Level 1.8 Staves
 + Level 4.9 Ranged Weapons
 + Level 1.8 Throwing
 + Level 1.8 Armour
 + Level 4.9 Dodging
 + Level 1.8 Stealth
 + Level 1.8 Shields
 + Level 1.8 Unarmed Combat
 + Level 3.3 Spellcasting
 + Level 1.4 Conjurations
 + Level 5.6 Hexes
 + Level 1.4 Summonings
 + Level 1.4 Necromancy
 + Level 1.4 Translocations
 + Level 1.4 Transmutations
 + Level 2.6 Fire Magic
 + Level 1.4 Ice Magic
 + Level 1.4 Air Magic
 + Level 1.4 Earth Magic
 + Level 1.4 Poison Magic
 + Level 2.0 Invocations
 + Level 1.8 Evocations
 + Level 1.6 Shapeshifting


You had 5 spell levels left.
You knew the following spells:

 Your Spells              Type           Power      Damage    Failure   Level
a - Jinxbite              Hex            26%        N/A       4%          2
b - Inner Flame           Hex/Fire       9%         N/A       16%         3
c - Slow                  Hex            52%        N/A       2%          1

Your spell library contained the following spells:

 Spells                   Type           Power      Damage    Failure   Level
 Confusing Touch          Hex            13%        N/A       8%          3
 Sigil of Binding         Hex            13%        N/A       8%          3
 Freeze                   Ice            16%        1d4       16%         1
 Static Discharge         Conj/Air       8%         2-3/arc   22%         2
 Cause Fear               Hex            6%         N/A       26%         4
 Vampiric Draining        Necr           4%         2d6       41%         3
 Dimensional Bullseye     Hex/Tloc       4%         N/A       54%         4
 Airstrike                Air            2%         2d(1-17)  83%         4
 Summon Lightning Spire   Summ/Air       4%         N/A       83%         4


Dungeon Overview and Level Annotations

Branches:
Dungeon (3/15)

Altars:

Annotations:
D:3 Robin


Innate Abilities, Weirdness & Mutations

You have very sharp teeth.
Your uncanny sense of smell can sniff out nearby items.
Your experience applies equally to all skills.
You have a pair of small antennae on your head.
You are occasionally teleported next to monsters.
You passively dampen the noise of your surroundings.


Message History

Robin roars a battlecry!
The goblins go into a battle-frenzy!
You shoot a sling bullet. The sling bullet hits Robin.
Robin is heavily wounded.
You feel sick. The goblin hits you with a +0 dagger.
Robin hits you with a +0 dagger.
You shoot a sling bullet. The sling bullet hits Robin.
Robin is severely wounded.
You feel sick. The goblin completely misses you.
Robin hits you with a +0 dagger.
* * * LOW HITPOINT WARNING * * *
Your magical contamination has completely faded away.
It was a potion of degeneration.
There was something very wrong with that liquid.
You feel weakened.
You feel dopey.
You feel clumsy.
You feel sick.
You are no longer poisoned.
The goblin hits you with a +0 dagger.
* * * LOW HITPOINT WARNING * * *
Robin barely misses you.
As you read the scroll labelled ITRAOBI KIEMAL, it crumbles to dust.
You hear a loud clanging noise!
It was a scroll of noise.
The goblin hits you with a +0 dagger.
* * * LOW HITPOINT WARNING * * *
Robin barely misses you.
It was a potion of enlightenment.
You feel very buoyant.
You fly up into the air.
The goblin closely misses you. Robin hits you with a +0 dagger.
* * * LOW HITPOINT WARNING * * *
It was a potion of mutation.
You feel extremely strange. A pair of antennae grows on your head!
You feel weirdly uncertain.
You feel your surroundings grow quieter.
The goblin misses you. Robin closely misses you.
You shoot a sling bullet.
The sling bullet barely misses the goblin.
The sling bullet hits the goblin!
You kill the goblin!
The goblin hits you with a +0 dagger.
You die...

.## #.#. #.........#
#.##... ## #.#.
#####.#.#.### #.##.##
#. g.# #.#...# #.##.#
... ..###.## #.##.##
##.######...##
#...).. #...
........######†##
#..# #.#.....#####.#
#..####.##..........#
#.ggg@gg......#######
#.#####.##.#### #.#
#.##.# #g#####.##.#
#...g.g.##.# ##
##########.# .# #.#
.# #.# .# #.#


You could see Robin, 2 hobgoblins and 2 goblins.

Vanquished Creatures
  A phantom (D:3)
  Terence (D:3)
  6 gnolls (D:3)
  2 adders (D:3)
  A worm (D:2)
  A dart slug (D:1)
  8 bats
  6 endoplasms
  4 giant cockroaches
  10 goblins
  4 hobgoblins
  7 jackals
  2 kobolds
  3 quokkas
  3 ball pythons
  2 frilled lizards (D:1)
  6 rats
67 creatures vanquished.

Notes
Turn   | Place    | Note
-------+----------+-------------------------------------------
     0 | D:1      | Nexanis the Gnoll Hexslinger began the quest for the Orb.
     0 | D:1      | Reached XP level 1. HP: 17/17 MP: 4/4
    75 | D:1      | Identified a scroll of acquirement
   114 | D:1      | Reached XP level 2. HP: 16/23 MP: 5/5
   490 | D:1      | Reached XP level 3. HP: 28/28 MP: 7/7
   749 | D:2      | Reached skill level 1 in Invocations
   824 | D:2      | Learned a level 2 spell: Jinxbite
   828 | D:2      | Learned a level 3 spell: Inner Flame
  1199 | D:3      | Identified the of Sisami Zihi
  1249 | D:3      | Reached skill level 1 in Short Blades
  1249 | D:3      | Reached skill level 1 in Long Blades
  1249 | D:3      | Reached skill level 1 in Axes
  1249 | D:3      | Reached skill level 1 in Maces & Flails
  1249 | D:3      | Reached skill level 1 in Polearms
  1249 | D:3      | Reached skill level 1 in Staves
  1249 | D:3      | Reached skill level 1 in Throwing
  1249 | D:3      | Reached skill level 1 in Armour
  1249 | D:3      | Reached skill level 1 in Stealth
  1249 | D:3      | Reached skill level 1 in Shields
  1249 | D:3      | Reached skill level 1 in Unarmed Combat
  1249 | D:3      | Reached skill level 1 in Evocations
  1292 | D:3      | Reached XP level 4. HP: 24/34 MP: 8/8
  1379 | D:3      | Reached skill level 1 in Shapeshifting
  1643 | D:3      | Reached skill level 1 in Conjurations
  1643 | D:3      | Reached skill level 1 in Summonings
  1643 | D:3      | Reached skill level 1 in Necromancy
  1643 | D:3      | Reached skill level 1 in Translocations
  1643 | D:3      | Reached skill level 1 in Transmutations
  1643 | D:3      | Reached skill level 1 in Ice Magic
  1643 | D:3      | Reached skill level 1 in Air Magic
  1643 | D:3      | Reached skill level 1 in Earth Magic
  1643 | D:3      | Reached skill level 1 in Poison Magic
  1727 | D:3      | Noticed a phantom
  1741 | D:3      | Killed a phantom
  1742 | D:3      | Reached XP level 5. HP: 35/41 MP: 7/9
  1911 | D:3      | Acquired a book of Debilitation
  1917 | D:3      | Learned a level 1 spell: Slow
  1937 | D:3      | Noticed Terence
  1943 | D:3      | Killed Terence
  1953 | D:3      | Found a faded altar of an unknown god.
  2000 | D:3      | Reached XP level 6. HP: 47/47 MP: 2/11
  2249 | D:3      | Noticed Robin
  2289 | D:3      | Gained mutation: You have a pair of small antennae on your
                  | head. [potion of mutation]
  2289 | D:3      | Gained mutation: You are occasionally teleported next to
                  | monsters. [potion of mutation]
  2289 | D:3      | Gained mutation: You passively dampen the noise of your
                  | surroundings. [potion of mutation]
  2290 | D:3      | Slain by a goblin

Illustrated notes

Levels and vault maps discovered:
D:1:      dpeg_arrival_tiny_i, layout_loops_cross, minmay_misc_feat_nine_boxes
D:2:      layout_basic, kennysheep_generic_room_13
D:3:      layout_loops_corners, shapermc_ecumenical_altar_rom_forum,
          chequers_jeans, uniq_terence, uniq_robin

Skill      XL: |  1  2  3  4  5 |
---------------+----------------+-----
Fire Magic     | 2 |  2.6
Invocations    | 1 2 |  2.0
Short Blades   | 1 |  1.8
Long Blades    | 1 |  1.8
Axes           | 1 |  1.8
Maces & Flails | 1 |  1.8
Polearms       | 1 |  1.8
Staves         | 1 |  1.8
Throwing       | 1 |  1.8
Armour         | 1 |  1.8
Stealth        | 1 |  1.8
Shields        | 1 |  1.8
Unarmed Combat | 1 |  1.8
Evocations     | 1 |  1.8
Spellcasting   | 3 |  3.3
Shapeshifting  | 1 |  1.6
Conjurations   | 1 |  1.4
Summonings     | 1 |  1.4
Necromancy     | 1 |  1.4
Translocations | 1 |  1.4
Transmutations | 1 |  1.4
Ice Magic      | 1 |  1.4
Air Magic      | 1 |  1.4
Earth Magic    | 1 |  1.4
Poison Magic   | 1 |  1.4
Fighting       | 3 |  3.2
Ranged Weapons | |  4.9
Dodging        | |  4.9
Hexes          | |  5.6

Action                     |  1- 3 |  4- 6 || total
---------------------------+-------+-------++-------
   Fire: Sling             |   142 |   103 ||   245
   Cast: Jinxbite          |     2 |     7 ||     9
         Slow              |       |     9 ||     9
    Use: Scroll            |     2 |     9 ||    11
         Potion            |     1 |     4 ||     5
 Armour: Robe              |    56 |    42 ||    98
  Dodge: Dodged            |    93 |    64 ||   157

Table legend: (Time is in decaauts)
 A = Elapsed time spent in this place.
 B = Non-inter-level travel time spent in this place.
 C = Inter-level travel time spent in this place.
 D = Time resting spent in this place.
 E = Time spent auto-exploring this place.
 F = Levels seen in this place.
 G = Mean time per level.
                   A        B        C        D        E       F      G
               +--------+--------+--------+--------+--------+-----+--------+
         Total |   2330 |   2328 |      2 |    246 |      0 |   3 |  776.7 |
       Dungeon |   2330 |   2328 |      2 |    246 |      0 |   3 |  776.7 |
               +--------+--------+--------+--------+--------+-----+--------+

Top non-repeatable levels by time:
     D:3: 1109 daAuts
     D:1: 754 daAuts
     D:2: 466 daAuts
